 Dungeon Crawl Stone Soup version 0.25-a0-696-g42a9e46d90 (webtiles) character file.

Game seed: 6382785282746160615, levelgen mode: deterministic

2394 DasRunzen the Conjurer (level 9, -3/81 HPs)
             Began as a Demigod Conjurer on Mar 31, 2020.
             Slain by a hippogriff (4 damage)
             ... on level 7 of the Dungeon.
             The game lasted 00:18:25 (4667 turns).

DasRunzen the Conjurer (Demigod Conjurer)           Turns: 4667, Time: 00:18:25

Health: -3/81      AC:  7    Str: 17    XL:     9   Next: 2%
Magic:  12/29      EV:  9    Int: 19    God:
Gold:   244        SH:  0    Dex: 21    Spells: 15/18 levels left

rFire    . . .     SeeInvis .   b - +3 dagger (pain)
rCold    . . .     Gourm    .   (no shield)
rNeg     . . .     Faith    .   a - +0 robe
rPois    .         Spirit   .   v - +0 helmet
rElec    .         Reflect  +   k - +1 cloak
rCorr    .         Harm     .   (no gloves)
MR       .....                  (no boots)
Stlth    ++........             h - +5 amulet of reflection
HPRegen  0.23/turn              f - ring of magical power
MPRegen  0.21/turn              s - +5 ring of dexterity

@: marked, held
A: icy blue scales 1, high mp 1, robust 1
a: no special abilities


You were on level 7 of the Dungeon.
You were not hungry.

You visited 1 branch of the dungeon, and saw 7 of its levels.

You collected 244 gold pieces.

Inventory:

Hand Weapons
 b - a +3 dagger of pain (weapon)
Armour
 a - a +0 robe (worn)
 k - a +1 cloak (worn)
 v - a +0 helmet (worn)
Jewellery
 e - a +6 amulet of reflection
 f - a ring of magical power (left hand)
 h - a +5 amulet of reflection (around neck)
 q - an uncursed ring of protection from cold
 s - a +5 ring of dexterity (right hand)
 w - an uncursed ring of positive energy {unknown}
Scrolls
 i - a scroll of fog
 l - 4 scrolls of magic mapping
 p - a scroll of remove curse
 r - a scroll of teleportation
Potions
 d - 2 potions of might
 g - 2 potions of lignification
 j - 2 potions of invisibility
 m - 3 potions of curing
 t - 4 potions of haste {unknown}
 u - a potion of stabbing {unknown}
Comestibles
 c - 9 rations


   Skills:
 + Level 5.5 Fighting
 + Level 5.9 Dodging
 - Level 1.7 Stealth
 + Level 5.4 Spellcasting
 + Level 6.7 Conjurations


You had 15 spell levels left.
You knew the following spells:

 Your Spells              Type           Power        Failure   Level  Hunger
a - Magic Dart            Conj           ####         1%          1    None
b - Searing Ray           Conj           ####..       1%          2    None

Your spell library contained the following spells:

 Spells                   Type           Power        Failure   Level  Hunger
 Dazzling Flash           Conj/Hex       ###...       9%          3    ##.....
 Animate Skeleton         Necr           N/A          12%         1    None
 Apportation              Tloc           #.....       12%         1    None
 Corona                   Hex            #......      12%         1    None
 Summon Small Mammal      Summ           #...         12%         1    None
 Fulminant Prism          Conj/Hex       ###.......   28%         4    ####...
 Iskenderun's Mystic Bla  Conj/Tloc      ###.....     28%         4    ####...


Dungeon Overview and Level Annotations

Branches:
Dungeon (7/15)             Temple (0/1) D:6

Shops:
D:6 ?   D:7 }

Annotations:
D:7 Harold


Innate Abilities, Weirdness & Mutations

You have an increased reservoir of magic. (+10% MP)
You are partially covered in icy blue scales. (AC +2)
You are robust. (+10% HP)


Message History

Casting: Searing Ray (safe; 1% risk of failure)
Confirm with . or Enter, or press ? or * to list all spells.
Aiming: Searing Ray (safe; 1% risk of failure)
Press: ? - help, Shift-Dir - straight line, f/p - Harold
Aim: Harold, wielding a +0 scimitar, wearing a +0 chain mail and quivering a throwing net (almost dead)
The searing ray hits Harold!
Harold is almost dead. (Press . to maintain the ray.) Harold closely misses you.
The hippogriff bites you!
* * * LOW HITPOINT WARNING * * *
The hippogriff pecks you.
* * * LOW HITPOINT WARNING * * *
The hippogriff claws you.
* * * LOW HITPOINT WARNING * * *
The searing ray hits Harold but does no damage.
Harold is almost dead.
Harold hits you with a +0 scimitar!!
* * * LOW HITPOINT WARNING * * *
The hippogriff bites you.
You die...

.....#..#....# #....#
.....#..#....# #....#
.....#..'....#######....#
#....####...............#
#.......................#
'.......................#
#........####.......>...#
#........#..###'#########
#........#..'...@H.....#
'........#..#....@†....#
#........# .##..##.....#
#........#'###..##.....#
###.###'##..##..#####'##
................##.....#
..).............#......#
................#@.....#
##..##..##..# #......#


You could see Harold and a hippogriff.

Vanquished Creatures
  Maggie (D:7)
  A hippogriff (D:7)
  A wyvern (D:6)
  Eustachio (D:4)
  Menkaure (D:6)
  2 sky beasts (D:6)
  2 ice beasts
  3 ogres
  3 centaurs
  A scorpion (D:7)
  A water moccasin skeleton (D:6)
  A howler monkey (D:7)
  A jelly (D:7)
  A crimson imp (D:4)
  2 hounds (D:6)
  A bullfrog zombie (D:5)
  4 iguanas
  3 worker ants (D:7)
  A hound zombie (D:5)
  A hound skeleton (D:5)
  7 adders
  3 gnolls (D:4)
  A shadow imp (D:5)
  A white imp (D:4)
  An ooze (D:1)
  2 worms
  A dart slug (D:2)
  3 leopard geckos
  5 orcs
  2 ball pythons
  5 giant cockroaches
  4 goblins
  2 hobgoblins
  11 jackals
  2 quokkas
  8 bats
  5 frilled lizards
  3 kobolds
  A quokka zombie (D:6)
  9 rats
108 creatures vanquished.

Notes
Turn   | Place    | Note
-------+----------+-------------------------------------------
     0 | D:1      | DasRunzen the Demigod Conjurer began the quest for the Orb.
     0 | D:1      | Reached XP level 1. HP: 14/14 MP: 5/5
   345 | D:1      | Reached XP level 2. HP: 20/22 MP: 7/7
   702 | D:1      | You fall into a shaft and drop 1 floor!
   707 | D:2      | Reached skill level 1 in Fighting
   711 | D:2      | Learned a level 2 spell: Searing Ray
   806 | D:2      | Reached XP level 3. HP: 28/28 MP: 8/8
  1177 | D:2      | Reached skill level 4 in Conjurations
  1426 | D:3      | Found a shadowy altar of Dithmenos,
  1502 | D:3      | Reached XP level 4. HP: 35/35 MP: 9/10
  2156 | D:4      | Reached XP level 5. HP: 35/41 MP: 6/12
  2248 | D:4      | Noticed Eustachio
  2334 | D:4      | Killed Eustachio
  2334 | D:4      | Reached XP level 6. HP: 15/50 MP: 13/13
  2802 | D:5      | Entered Level 5 of the Dungeon
  2865 | D:5      | Reached skill level 5 in Conjurations
  2943 | D:5      | You fall into a shaft and drop 2 floors!
  3038 | D:6      | Reached XP level 7. HP: 37/57 MP: 15/15
  3096 | D:6      | Found Monudygg's Magic Scroll Shoppe,
  3100 | D:6      | Noticed Menkaure
  3142 | D:6      | Noticed a wyvern
  3150 | D:6      | Killed Menkaure
  3152 | D:6      | Killed a wyvern
  3476 | D:6      | Found a staircase to the Ecumenical Temple,
  3513 | D:6      | Reached XP level 8. HP: 25/66 MP: 18/18
  3878 | D:6      | Reached skill level 6 in Conjurations
  4080 | D:6      | Reached skill level 5 in Dodging
  4184 | D:6      | Gained mutation: You are partially covered in icy blue
                  | scales. (AC +2) [potion of mutation]
  4184 | D:6      | Gained mutation: You are robust. (+10% HP) [potion of
                  | mutation]
  4353 | D:7      | Reached skill level 5 in Spellcasting
  4416 | D:7      | Reached skill level 5 in Fighting
  4464 | D:7      | Noticed Maggie
  4476 | D:7      | Killed Maggie
  4546 | D:7      | Noticed a hippogriff
  4551 | D:7      | Killed a hippogriff
  4551 | D:7      | Reached XP level 9. HP: 77/81 MP: 13/20
  4552 | D:7      | Found Qehezagg's Gadget Boutique,
  4585 | D:7      | Noticed Harold
  4667 | D:7      | HP: 1/81 [Harold/+0 scimitar (20)]
  4667 | D:7      | Slain by a hippogriff

Levels and vault maps discovered:
D:1:      dpeg_arrival_pond, layout_loops_corners, kennysheep_nondescript
D:2:      layout_loops_cross
D:3:      layout_basic, overflow_temple_1_default
D:4:      layout_rooms, minmay_fire_ice_demons, uniq_eustachio
D:5:      layout_gridville, first_ration, hangedman_decor_riveting,
          nrook_loot_triangle
D:6:      layout_loops_ring, minmay_temple_entry_gardened_gates, serial_shops,
          shop_scrolls, uniq_menkaure
D:7:      layout_gridville, serial_shops, nicolae_shop_trees, uniq_maggie,
          uniq_harold

Skill      XL: |  1  2  3  4  5  6  7  8 |
---------------+-------------------------+-----
Dodging        | 2 3 4 5 |  5.9
Spellcasting   | 2 3 4 5 |  5.4
Fighting       | 1 2 3 4 5 |  5.5
Conjurations   | 4 5 6 |  6.7
Stealth        | |  1.7

Action                   |  1- 3 |  4- 6 |  7- 9 || total
-------------------------+-------+-------+-------++-------
Melee: Dagger            |    29 |    21 |    30 ||    80
 Cast: Magic Dart        |    70 |    71 |    34 ||   175
       Searing Ray       |     1 |    12 |    31 ||    44
  Use: Scroll            |     5 |     9 |     3 ||    17
       Potion            |       |       |     3 ||     3
 Stab: Sleeping          |       |     1 |     2 ||     3
  Eat: Chunk             |     2 |     5 |     6 ||    13
Armor: Robe              |    12 |     6 |    12 ||    30
Dodge: Dodged            |    24 |    23 |    59 ||   106
Block: Other             |     5 |    11 |    15 ||    31

Table legend:
 A = Non-vault XP
 B = Vault XP
 C = Vault XP percentage of total XP
 D = Non-vault monster count
 E = Vault monster count
 F = Vault count percentage of total count
                 A         B        C        D         E       F
            +---------+---------+-------+---------+---------+-------
      Total |    2622 |     798 |  23.3 |     103 |       5 |   4.6
            +---------+---------+-------+---------+---------+-------
        D:1 |      29 |       0 |   0.0 |      15 |       0 |   0.0
        D:2 |      58 |       0 |   0.0 |      19 |       0 |   0.0
        D:3 |      63 |       0 |   0.0 |      16 |       0 |   0.0
        D:4 |     176 |     256 |  59.3 |      13 |       3 |  18.8
        D:5 |     200 |       0 |   0.0 |       6 |       0 |   0.0
        D:6 |    1141 |     172 |  13.1 |      21 |       1 |   4.5
        D:7 |     955 |     370 |  27.9 |      13 |       1 |   7.1
            +---------+---------+-------+---------+---------+-------
